Maple Leafs vs Blackhawks
(R2)
Created - 10 mai 2016 at 20:32
Goals
|
| Maple Leafs |
2 |
0 |
2 |
1 |
5 |
| Blackhawks |
2 |
0 |
2 |
0 |
4 |
|
Shots
|
| Maple Leafs |
10 |
6 |
14 |
4 |
34 |
| Blackhawks |
14 |
5 |
11 |
8 |
38 |
|
1st period
1. Maple Leafs , Fabian Brunnstrom 2 (Byron Bitz, Brendan Morrison) at 2:32
2. Maple Leafs , Claude Giroux 3 (Evgeni Malkin, Alexander Frolov) at 4:59 (PP)
3. Blackhawks , Robert Nilsson 1 (Henrik Zetterberg) at 11:30
4. Blackhawks , Jeff Schultz 1 (Henrik Zetterberg) at 13:11 (PP)
Penalties :
Daniel Carcillo (Chi) for High sticking (Minor) at 3:19, Henrik Zetterberg (Chi) for Roughing (Minor) at 7:56, Brendan Morrison (Tor) for Hooking (Minor) at 12:59, Brendan Morrison (Tor) for Slashing (Minor) at 16:00, Viktor Kozlov (Chi) for Boarding (Minor) at 18:56
2nd period
No Goal
Penalties :
Kris Versteeg (Chi) for Hooking (Minor) at 2:12, John Carlson (Chi) for Slashing (Minor) at 4:38, Alexander Frolov (Tor) for Interference (Minor) at 7:49, Daniel Carcillo (Chi) for High sticking (Minor) at 10:19, Jamie McBain (Tor) for High sticking (Double Minor) at 12:34, Matt Pettinger (Tor) for Hooking (Minor) at 15:44, Chris Campoli (Chi) for Elbowing (Minor) at 18:49
3rd period
5. Blackhawks , Chris Campoli 1 (Henrik Zetterberg, Robert Nilsson) at 1:20
6. Maple Leafs , Claude Giroux 4 (Evgeni Malkin, Matt Pettinger) at 10:03
7. Maple Leafs , Claude Giroux 5 (Evgeni Malkin) at 14:17 (PP)
8. Blackhawks , Daniel Carcillo 2 (Sheldon Keefe, Andy Rogers) at 18:32
Penalties :
Henrik Zetterberg (Chi) for Boarding (Minor) at 1:51, Claude Giroux (Tor) for Slashing (Minor) at 6:22, Brent Burns (Chi) for High sticking (Double Minor) at 13:24
Overtime #1
9. Maple Leafs , Justin Abdelkader 3 (Braydon Coburn, Tobias Enstrom) at 9:16
Penalties :
No Penalty
Goalie Stats
Marc-André Fleury (Tor), 34 saves from 38 shots - (0,895), W, 3-1-0, 69:16 minutes
Tyler Weiman (Chi), 29 saves from 34 shots - (0,853), OTL, 2-2-1, 69:16 minutes
Players Stats for Maple Leafs
Player Name G A P +/- PIM S H SB GA TA FO MP PP MP PK MP
------------------------------------------------------------------------------------
Alexander Frolov 0 1 1 -1 2 1 1 0 0 0 3/6 25:15 10:20 3:36
Blake Comeau 0 0 0 1 0 3 0 0 0 0 0/1 7:55 0:03 0:00
Braydon Coburn 0 1 1 1 0 0 1 2 0 2 0/0 32:50 10:58 5:55
Brendan Morrison 0 1 1 1 4 1 1 1 0 0 2/9 19:14 7:56 1:23
Byron Bitz 0 1 1 1 0 2 3 0 1 1 0/1 19:50 7:56 2:21
Claude Giroux 3 0 3 0 2 6 1 1 1 0 5/10 28:43 10:26 5:11
Colby Armstrong 0 0 0 -2 0 1 2 1 0 0 0/0 9:12 0:09 0:00
Evgeni Malkin 0 3 3 0 0 4 4 2 1 0 16/35 29:16 10:14 6:13
Fabian Brunnstrom 1 0 1 1 0 2 0 1 0 2 0/1 17:57 7:56 0:28
Jamie McBain 0 0 0 -1 4 1 0 0 0 0 0/0 12:40 0:00 0:02
Jordan Staal 0 0 0 -2 0 0 0 1 0 0 3/10 10:08 0:15 0:37
Justin Abdelkader 1 0 1 1 0 1 1 0 0 0 0/0 7:52 0:00 0:00
Justin Schultz 0 0 0 -1 0 3 0 1 0 0 0/0 12:53 0:00 0:14
Marc-Édouard Vlasic 0 0 0 0 0 1 1 0 2 1 0/0 23:33 7:27 5:09
Matt Pettinger 0 1 1 -1 2 3 2 1 1 0 0/1 12:34 0:00 2:09
Rob Schremp 0 0 0 1 0 1 0 0 0 0 2/7 7:52 0:00 0:00
Taylor Chorney 0 0 0 0 0 2 1 0 0 0 0/0 23:33 7:27 5:09
Tobias Enstrom 0 1 1 1 0 2 2 2 0 1 0/0 32:50 10:58 5:55
Players Stats for Blackhawks
Player Name G A P +/- PIM S H SB GA TA FO MP PP MP PK MP
------------------------------------------------------------------------------------
Andy Rogers 0 1 1 1 0 1 2 2 0 1 0/0 26:26 4:20 7:49
Brent Burns 0 0 0 -1 4 3 4 1 1 0 0/0 32:18 6:58 8:52
Chris Campoli 1 0 1 1 2 1 1 1 0 0 0/0 25:37 4:20 7:01
Chris Higgins 0 0 0 0 0 2 2 0 0 0 0/0 16:06 4:29 2:23
Daniel Carcillo 1 0 1 1 4 3 3 0 1 0 1/1 11:00 0:37 0:00
Dominic Moore 0 0 0 1 0 2 0 1 1 1 9/11 12:42 0:37 1:34
Henrik Zetterberg 0 3 3 1 4 4 0 1 0 0 4/11 25:50 6:12 8:03
Jamie Langenbrunner 0 0 0 0 0 5 1 0 0 1 0/0 13:06 4:29 0:00
Jeff Schultz 1 0 1 -1 0 4 2 1 0 1 0/0 34:09 6:58 10:47
John Carlson 0 0 0 1 2 1 1 2 0 1 0/0 12:07 0:00 2:21
Kris Versteeg 0 0 0 0 2 1 1 1 1 0 2/3 22:24 6:12 4:54
Pierre-Marc Bouchard 0 0 0 0 0 3 1 0 2 0 4/8 19:25 4:29 5:48
Robert Nilsson 1 1 2 1 0 1 0 1 0 0 21/37 27:43 6:12 10:14
Ryan Malone 0 0 0 -2 0 0 0 0 0 0 1/1 8:09 0:00 0:00
Sheldon Keefe 0 1 1 1 0 5 3 0 0 1 4/4 15:19 0:37 3:54
Steve Bernier 0 0 0 -2 0 2 1 1 1 0 0/0 8:09 0:00 0:00
Viktor Kozlov 0 0 0 -2 2 0 1 2 0 0 4/5 8:24 0:00 0:00
Wes O'Neill 0 0 0 0 0 0 0 0 0 0 0/0 8:52 0:00 0:00
3 Stars
1 - Claude Giroux (Tor)
2 - Evgeni Malkin (Tor)
3 - Robert Nilsson (Chi)
Power Play
Maple Leafs - 2 on 10 Attempt(s) - 20,00%
Blackhawks - 1 on 7 Attempt(s) - 14,29%
Penalty Kill
Maple Leafs - 6 on 7 Attempt(s) - 85,71%
- Score 0 goal in Penalty Kill
Blackhawks - 8 on 10 Attempt(s) - 80,00%
- Score 0 goal in Penalty Kill
Team Stat
Maple Leafs - Hits : 20 - Faceoff Wins : 31 - Blocked Shots : 13 - Penalty Minutes : 14
Blackhawks - Hits : 23 - Faceoff Wins : 50 - Blocked Shots : 14 - Penalty Minutes : 20
Official
Referees : Walkom Stephen and O'Rourke Dan
Linesman : Vaughan Rody and Ryan Galloway
Game Notes
Claude Giroux has scored a Hat Trick!
18:44 of 3rd period - Blackhawks goal is going for a video replay. After video review, No Goal. The net was displaced accidentally.
Finance
Level 1 -- Attendance: 4857 (80,95%) -- Ticket Income 534 270 $
Level 2 -- Attendance: 4138 (82,76%) -- Ticket Income 244 142 $
Level 3 -- Attendance: 1677 (83,85%) -- Ticket Income 65 403 $
Level 4 -- Attendance: 2657 (66,43%) -- Ticket Income 92 995 $
Luxury Box -- Attendance: 817 (81,70%) -- Ticket Income 171 570 $
Game was played at the Chicago Stadium.
Total Attendance: 14146 (78,59%)
Total Ticket Income: 1 108 380 $
Other Income: 166 257 $
Total Income: 1 274 637 $
Maple Leafs
5 vs 5 Forward
Center Left Wing Right Wing Time % Phy DF OF
1 Evgeni Malkin Alexander Frolov Claude Giroux 40 1 2 2
2 Brendan Morrison Fabian Brunnstrom Byron Bitz 30 1 2 2
3 Jordan Staal Matt Pettinger Colby Armstrong 20 1 2 2
4 Rob Schremp Justin Abdelkader Blake Comeau 10 1 2 2
5 vs 5 Defense
Defense Defense Time % Phy DF OF
1 Tobias Enstrom Braydon Coburn 40 1 2 2
2 Marc-Édouard Vlasic Taylor Chorney 30 1 2 2
3 Jamie McBain Justin Schultz 20 1 2 2
4 Tobias Enstrom Braydon Coburn 10 1 2 2
PowerPlay Forward
Center Left Wing Right Wing Time % Phy DF OF
1 Evgeni Malkin Alexander Frolov Claude Giroux 60 1 2 2
2 Brendan Morrison Fabian Brunnstrom Byron Bitz 40 1 2 2
PowerPlay Defense
Defense Defense Time % Phy DF OF
1 Tobias Enstrom Braydon Coburn 60 1 2 2
2 Marc-Édouard Vlasic Taylor Chorney 40 1 2 2
Penalty Kill 4 Players Forward
Center Wing Time % Phy DF OF
1 Claude Giroux Evgeni Malkin 60 1 2 2
2 Alexander Frolov Byron Bitz 40 1 2 2
Penalty Kill 4 Players Defense
Defense Defense Time % Phy DF OF
1 Tobias Enstrom Braydon Coburn 60 1 2 2
2 Marc-Édouard Vlasic Taylor Chorney 40 1 2 2
Penalty Kill - 3 Players Forward
Forward Time % Phy DF OF
1 Claude Giroux 60 1 2 2
2 Evgeni Malkin 40 1 2 2
Penalty Kill - 3 Players Defense
Defense Defense Time % Phy DF OF
1 Tobias Enstrom Braydon Coburn 60 1 2 2
2 Marc-Édouard Vlasic Taylor Chorney 40 1 2 2
4 vs 4 Forward
Center Wing Time % Phy DF OF
1 Claude Giroux Evgeni Malkin 60 1 2 2
2 Alexander Frolov Byron Bitz 40 1 2 2
4 vs 4 Defense
Defense Defense Time % Phy DF OF
1 Tobias Enstrom Braydon Coburn 60 1 2 2
2 Marc-Édouard Vlasic Taylor Chorney 40 1 2 2
Last Minutes Offensive
Center Left Wing Right Wing Defense Defense
Evgeni Malkin Alexander Frolov Claude Giroux Tobias Enstrom Braydon Coburn
Last Minutes Defensive
Center Left Wing Right Wing Defense Defense
Evgeni Malkin Alexander Frolov Claude Giroux Tobias Enstrom Braydon Coburn
Goaltenders
Starting : Marc-André Fleury
Backup : Mike Smith
Extra Forwards
Normal : Jordan Staal, Colby Armstrong, Matt Pettinger - PP : Jordan Staal, Colby Armstrong - PK : Matt Pettinger
Extra Defensemen
Normal : Jamie McBain, Justin Schultz, Marc-Édouard Vlasic - PP : Jamie McBain - PK : Justin Schultz, Marc-Édouard Vlasic
Penalty Shots
Claude Giroux, Evgeni Malkin, Alexander Frolov, Byron Bitz, Brendan Morrison
Blackhawks
5 vs 5 Forward
Center Left Wing Right Wing Time % Phy DF OF
1 Robert Nilsson Henrik Zetterberg Kris Versteeg 40 1 2 2
2 Pierre-Marc Bouchard Chris Higgins Jamie Langenbrunner 30 1 2 2
3 Dominic Moore Daniel Carcillo Sheldon Keefe 20 1 2 2
4 Viktor Kozlov Ryan Malone Steve Bernier 10 1 2 2
5 vs 5 Defense
Defense Defense Time % Phy DF OF
1 Brent Burns Jeff Schultz 40 1 2 2
2 Andy Rogers Chris Campoli 30 1 2 2
3 Wes O'Neill John Carlson 20 1 2 2
4 Brent Burns Jeff Schultz 10 1 2 2
PowerPlay Forward
Center Left Wing Right Wing Time % Phy DF OF
1 Robert Nilsson Henrik Zetterberg Kris Versteeg 60 1 2 2
2 Pierre-Marc Bouchard Chris Higgins Jamie Langenbrunner 40 1 2 2
PowerPlay Defense
Defense Defense Time % Phy DF OF
1 Brent Burns Jeff Schultz 60 1 2 2
2 Andy Rogers Chris Campoli 40 1 2 2
Penalty Kill 4 Players Forward
Center Wing Time % Phy DF OF
1 Henrik Zetterberg Robert Nilsson 60 1 2 2
2 Kris Versteeg Pierre-Marc Bouchard 40 1 2 2
Penalty Kill 4 Players Defense
Defense Defense Time % Phy DF OF
1 Brent Burns Jeff Schultz 60 1 2 2
2 Andy Rogers Chris Campoli 40 1 2 2
Penalty Kill - 3 Players Forward
Forward Time % Phy DF OF
1 Henrik Zetterberg 60 1 2 2
2 Robert Nilsson 40 1 2 2
Penalty Kill - 3 Players Defense
Defense Defense Time % Phy DF OF
1 Brent Burns Jeff Schultz 60 1 2 2
2 Andy Rogers Chris Campoli 40 1 2 2
4 vs 4 Forward
Center Wing Time % Phy DF OF
1 Henrik Zetterberg Robert Nilsson 60 1 2 2
2 Kris Versteeg Pierre-Marc Bouchard 40 1 2 2
4 vs 4 Defense
Defense Defense Time % Phy DF OF
1 Brent Burns Jeff Schultz 60 1 2 2
2 Andy Rogers Chris Campoli 40 1 2 2
Last Minutes Offensive
Center Left Wing Right Wing Defense Defense
Robert Nilsson Henrik Zetterberg Kris Versteeg Brent Burns Jeff Schultz
Last Minutes Defensive
Center Left Wing Right Wing Defense Defense
Robert Nilsson Henrik Zetterberg Kris Versteeg Brent Burns Jeff Schultz
Goaltenders
Starting : Tyler Weiman
Backup : Jocelyn Thibault
Extra Forwards
Normal : Dominic Moore, Daniel Carcillo, Sheldon Keefe - PP : Dominic Moore, Daniel Carcillo - PK : Sheldon Keefe
Extra Defensemen
Normal : Wes O'Neill, John Carlson, Andy Rogers - PP : Wes O'Neill - PK : John Carlson, Andy Rogers
Penalty Shots
Henrik Zetterberg, Robert Nilsson, Kris Versteeg, Pierre-Marc Bouchard, Jamie Langenbrunner
% Time on Ice - Maple Leafs
Lines # - Real PCT - Wanted PCT - Time Play
Normal Forward
1 - 34% - 40% - 13:22
2 - 24% - 30% - 9:33
3 - 22% - 20% - 8:46
4 - 20% - 10% - 7:52
Normal Defense
1 - 38% - 40% - 15:09
2 - 28% - 30% - 10:57
3 - 32% - 20% - 12:39
4 - 2% - 10% - 0:48
PP Forward
1 - 57% - 60% - 10:29
2 - 43% - 40% - 7:56
PP Defense
1 - 60% - 60% - 10:58
2 - 40% - 40% - 7:27
PK Forward
1 - 78% - 60% - 8:08
2 - 22% - 40% - 2:21
PK Defense
1 - 58% - 60% - 6:04
2 - 42% - 40% - 4:25
PK3 Forward
1 - 65% - 60% - 0:32
2 - 35% - 40% - 0:17
PK3 Defense
1 - 10% - 60% - 0:05
2 - 90% - 40% - 0:44
44 Forward
1 - 0% - 60%
2 - 0% - 40%
44 Defense
1 - 0% - 60%
2 - 0% - 40%
Last Minute Offensive - 0:00
Last Minute Defensive - 0:00
Total
Forward - 69:16
Defense - 69:16
|
% Time on Ice - Blackhawks
Lines # - Real PCT - Wanted PCT - Time Play
Normal Forward
1 - 30% - 40% - 11:54
2 - 24% - 30% - 9:21
3 - 26% - 20% - 10:09
4 - 21% - 10% - 8:09
Normal Defense
1 - 42% - 40% - 16:27
2 - 35% - 30% - 13:57
3 - 22% - 20% - 8:52
4 - 1% - 10% - 0:17
PP Forward
1 - 60% - 60% - 6:49
2 - 40% - 40% - 4:29
PP Defense
1 - 62% - 60% - 6:58
2 - 38% - 40% - 4:20
PK Forward
1 - 69% - 60% - 12:37
2 - 31% - 40% - 5:48
PK Defense
1 - 60% - 60% - 11:05
2 - 40% - 40% - 7:20
PK3 Forward
1 - 0% - 60%
2 - 0% - 40%
PK3 Defense
1 - 0% - 60%
2 - 0% - 40%
44 Forward
1 - 0% - 60%
2 - 0% - 40%
44 Defense
1 - 0% - 60%
2 - 0% - 40%
Last Minute Offensive - 0:00
Last Minute Defensive - 0:00
Total
Forward - 69:16
Defense - 69:16
|
Play by Play
1st period
0:01 of 1st period - Evgeni Malkin wins face-off versus Kris Versteeg in neutral zone.
0:35 of 1st period - Wrist shot by Byron Bitz.
0:35 of 1st period - Shot Misses the Net.
0:51 of 1st period - Daniel Carcillo is hit by Matt Pettinger and loses puck.
1:12 of 1st period - Andy Rogers is hit by Evgeni Malkin and loses puck.
1:47 of 1st period - Wes O'Neill is hit by Byron Bitz and loses puck.
2:10 of 1st period - Tobias Enstrom is hit by Daniel Carcillo and loses puck.
2:15 of 1st period - Snap shot by Daniel Carcillo.
2:15 of 1st period - Deflect By Dominic Moore.
2:15 of 1st period - Shot Blocked by Braydon Coburn.
2:15 of 1st period - Puck is out of play.
2:16 of 1st period - Evgeni Malkin wins face-off versus Robert Nilsson in Maple Leafs zone.
2:28 of 1st period - Off-side.
2:29 of 1st period - Brendan Morrison wins face-off versus Robert Nilsson in neutral zone.
2:32 of 1st period - Wrist shot by Fabian Brunnstrom.
2:32 of 1st period - Goal by Fabian Brunnstrom - Maple Leafs : 1 - Blackhawks : 0.
2:33 of 1st period - Claude Giroux wins face-off versus Robert Nilsson in neutral zone.
3:00 of 1st period - Jamie Langenbrunner is hit by Brendan Morrison and loses puck.
3:07 of 1st period - Braydon Coburn is hit by Andy Rogers.
3:19 of 1st period - Minor Penalty to Daniel Carcillo for High sticking.
3:20 of 1st period - Evgeni Malkin wins face-off versus Henrik Zetterberg in Blackhawks zone.
4:37 of 1st period - Icing by Brendan Morrison.
4:38 of 1st period - Sheldon Keefe wins face-off versus Brendan Morrison in Maple Leafs zone.
4:41 of 1st period - Slapshot by Sheldon Keefe.
4:41 of 1st period - Stopped by Marc-André Fleury without a rebound.
4:42 of 1st period - Sheldon Keefe wins face-off versus Evgeni Malkin in Maple Leafs zone.
4:59 of 1st period - Snap shot by Claude Giroux.
4:59 of 1st period - Goal by Claude Giroux - Maple Leafs : 2 - Blackhawks : 0.
5:00 of 1st period - Robert Nilsson wins face-off versus Evgeni Malkin in neutral zone.
5:09 of 1st period - Snap shot by Kris Versteeg.
5:09 of 1st period - Stopped by Marc-André Fleury with a rebound.
5:47 of 1st period - Snap shot by Sheldon Keefe.
5:47 of 1st period - Shot Misses the Net.
5:49 of 1st period - Slapshot by Brent Burns.
5:49 of 1st period - Stopped by Marc-André Fleury without a rebound.
5:50 of 1st period - Dominic Moore wins face-off versus Jordan Staal in Maple Leafs zone.
6:05 of 1st period - Snap shot by Daniel Carcillo.
6:05 of 1st period - Shot Blocked by Jordan Staal.
6:10 of 1st period - Off-side.
6:11 of 1st period - Robert Nilsson wins face-off versus Evgeni Malkin in neutral zone.
6:42 of 1st period - Off-side.
6:43 of 1st period - Pierre-Marc Bouchard wins face-off versus Brendan Morrison in neutral zone.
6:58 of 1st period - Snap shot by Pierre-Marc Bouchard.
6:58 of 1st period - Stopped by Marc-André Fleury with a rebound.
7:02 of 1st period - Wrist shot by Jamie Langenbrunner.
7:02 of 1st period - Stopped by Marc-André Fleury with a rebound.
7:04 of 1st period - Slapshot by Jamie Langenbrunner.
7:04 of 1st period - Stopped by Marc-André Fleury with a rebound.
7:06 of 1st period - Slapshot by Chris Campoli.
7:06 of 1st period - Shot Blocked by Brendan Morrison.
7:08 of 1st period - Snap shot by Brent Burns.
7:08 of 1st period - Stopped by Marc-André Fleury with a rebound.
7:12 of 1st period - Wrist shot by Pierre-Marc Bouchard.
7:12 of 1st period - Stopped by Marc-André Fleury with a rebound.
7:20 of 1st period - Wrist shot by Brendan Morrison.
7:20 of 1st period - Shot Misses the Net.
7:43 of 1st period - Snap shot by Byron Bitz.
7:43 of 1st period - Stopped by Tyler Weiman without a rebound.
7:44 of 1st period - Evgeni Malkin wins face-off versus Robert Nilsson in Blackhawks zone.
7:56 of 1st period - Minor Penalty to Henrik Zetterberg for Roughing.
7:57 of 1st period - Evgeni Malkin wins face-off versus Robert Nilsson in Blackhawks zone.
9:10 of 1st period - Icing by Claude Giroux.
9:11 of 1st period - Kris Versteeg wins face-off versus Evgeni Malkin in Maple Leafs zone.
9:38 of 1st period - Snap shot by Claude Giroux.
9:38 of 1st period - Stopped by Tyler Weiman with a rebound.
9:56 of 1st period - Penalty to Henrik Zetterberg is over, Henrik Zetterberg is back on ice.
10:00 of 1st period - Wrist shot by Brendan Morrison.
10:00 of 1st period - Deflect By Fabian Brunnstrom.
10:00 of 1st period - Shot Misses the Net.
10:00 of 1st period - Puck is out of play.
10:01 of 1st period - Ryan Malone wins face-off versus Brendan Morrison in Blackhawks zone.
10:01 of 1st period - Ryan Malone is hit by Byron Bitz.
10:58 of 1st period - Snap shot by Fabian Brunnstrom.
10:58 of 1st period - Stopped by Tyler Weiman without a rebound.
10:59 of 1st period - Jordan Staal wins face-off versus Robert Nilsson in Blackhawks zone.
11:06 of 1st period - Backhand shot by Jordan Staal.
11:06 of 1st period - Shot Misses the Net.
11:08 of 1st period - Slapshot by Tobias Enstrom.
11:08 of 1st period - Shot Misses the Net.
11:10 of 1st period - Snap shot by Jordan Staal.
11:10 of 1st period - Deflect By Colby Armstrong.
11:10 of 1st period - Stopped by Tyler Weiman with a rebound.
11:12 of 1st period - Snap shot by Matt Pettinger.
11:12 of 1st period - Stopped by Tyler Weiman without a rebound.
11:13 of 1st period - Robert Nilsson wins face-off versus Evgeni Malkin in Blackhawks zone.
11:24 of 1st period - Slapshot by Henrik Zetterberg.
11:24 of 1st period - Stopped by Marc-André Fleury without a rebound.
11:25 of 1st period - Robert Nilsson wins face-off versus Alexander Frolov in Maple Leafs zone.
11:28 of 1st period - Snap shot by Robert Nilsson.
11:28 of 1st period - Shot Misses the Net.
11:30 of 1st period - Snap shot by Robert Nilsson.
11:30 of 1st period - Goal by Robert Nilsson - Maple Leafs : 2 - Blackhawks : 1.
11:31 of 1st period - Robert Nilsson wins face-off versus Evgeni Malkin in neutral zone.
11:33 of 1st period - Off-side.
11:34 of 1st period - Evgeni Malkin wins face-off versus Henrik Zetterberg in neutral zone.
11:48 of 1st period - Icing by Jeff Schultz.
11:49 of 1st period - Robert Nilsson wins face-off versus Evgeni Malkin in Blackhawks zone.
11:56 of 1st period - Tobias Enstrom is hit by Kris Versteeg and loses puck.
12:42 of 1st period - Fabian Brunnstrom is hit by Jamie Langenbrunner.
12:59 of 1st period - Minor Penalty to Brendan Morrison for Hooking.
13:00 of 1st period - Robert Nilsson wins face-off versus Claude Giroux in Maple Leafs zone.
13:11 of 1st period - Slapshot by Jeff Schultz.
13:11 of 1st period - Goal by Jeff Schultz - Maple Leafs : 2 - Blackhawks : 2.
13:12 of 1st period - Robert Nilsson wins face-off versus Alexander Frolov in neutral zone.
13:15 of 1st period - Slapshot by Kris Versteeg.
13:15 of 1st period - Shot Blocked by Evgeni Malkin.
14:05 of 1st period - Snap shot by Marc-Édouard Vlasic.
14:05 of 1st period - Shot Blocked by Andy Rogers.
14:29 of 1st period - Snap shot by Marc-Édouard Vlasic.
14:29 of 1st period - Shot Blocked by Viktor Kozlov.
14:33 of 1st period - Wrist shot by Brendan Morrison.
14:33 of 1st period - Shot Misses the Net.
14:35 of 1st period - Wrist shot by Marc-Édouard Vlasic.
14:35 of 1st period - Stopped by Tyler Weiman with a rebound.
14:37 of 1st period - Wrist shot by Brendan Morrison.
14:37 of 1st period - Stopped by Tyler Weiman without a rebound.
14:38 of 1st period - Alexander Frolov wins face-off versus Robert Nilsson in Blackhawks zone.
14:39 of 1st period - Snap shot by Evgeni Malkin.
14:39 of 1st period - Shot Blocked by Kris Versteeg.
15:38 of 1st period - Snap shot by Daniel Carcillo.
15:38 of 1st period - Stopped by Marc-André Fleury with a rebound.
15:58 of 1st period - Wrist shot by Brent Burns.
15:58 of 1st period - Shot Misses the Net.
16:00 of 1st period - Minor Penalty to Brendan Morrison for Slashing.
16:01 of 1st period - Claude Giroux wins face-off versus Robert Nilsson in Maple Leafs zone.
17:20 of 1st period - Chris Campoli is hit by Alexander Frolov and loses puck.
18:00 of 1st period - Penalty to Brendan Morrison is over, Brendan Morrison is back on ice.
18:06 of 1st period - Wrist shot by Daniel Carcillo.
18:06 of 1st period - Deflect By Sheldon Keefe.
18:06 of 1st period - Stopped by Marc-André Fleury with a rebound.
18:12 of 1st period - Snap shot by Dominic Moore.
18:12 of 1st period - Stopped by Marc-André Fleury with a rebound.
18:14 of 1st period - Snap shot by John Carlson.
18:14 of 1st period - Shot Misses the Net.
18:30 of 1st period - Snap shot by Blake Comeau.
18:30 of 1st period - Stopped by Tyler Weiman without a rebound.
18:31 of 1st period - Viktor Kozlov wins face-off versus Rob Schremp in Blackhawks zone.
18:46 of 1st period - Chris Campoli is hit by Taylor Chorney and loses puck.
18:56 of 1st period - Minor Penalty to Viktor Kozlov for Boarding.
18:57 of 1st period - Henrik Zetterberg wins face-off versus Byron Bitz in Blackhawks zone.
19:24 of 1st period - Marc-Édouard Vlasic is hit by Brent Burns and loses puck.
19:33 of 1st period - Snap shot by Pierre-Marc Bouchard.
19:33 of 1st period - Shot Blocked by Evgeni Malkin.
Goals for this period are 2 for Maple Leafs vs 2 for Blackhawks.
Shots for this period are 10 for Maple Leafs vs 14 for Blackhawks.
2nd period
0:01 of 2nd period - Evgeni Malkin wins face-off versus Henrik Zetterberg in neutral zone.
0:14 of 2nd period - Slapshot by Evgeni Malkin.
0:14 of 2nd period - Stopped by Tyler Weiman with a rebound.
0:54 of 2nd period - Evgeni Malkin is hit by Pierre-Marc Bouchard and loses puck.
0:56 of 2nd period - Penalty to Viktor Kozlov is over, Viktor Kozlov is back on ice.
1:17 of 2nd period - Snap shot by Dominic Moore.
1:17 of 2nd period - Shot Blocked by Matt Pettinger.
1:19 of 2nd period - Slapshot by Andy Rogers.
1:19 of 2nd period - Shot Misses the Net.
1:21 of 2nd period - Slapshot by Andy Rogers.
1:21 of 2nd period - Shot Blocked by Justin Schultz.
1:23 of 2nd period - Snap shot by Sheldon Keefe.
1:23 of 2nd period - Stopped by Marc-André Fleury without a rebound.
1:24 of 2nd period - Sheldon Keefe wins face-off versus Brendan Morrison in Maple Leafs zone.
1:25 of 2nd period - Wrist shot by Daniel Carcillo.
1:25 of 2nd period - Shot Misses the Net.
1:27 of 2nd period - Slapshot by Sheldon Keefe.
1:27 of 2nd period - Shot Misses the Net.
1:29 of 2nd period - Slapshot by Jeff Schultz.
1:29 of 2nd period - Stopped by Marc-André Fleury without a rebound.
1:30 of 2nd period - Dominic Moore wins face-off versus Brendan Morrison in Maple Leafs zone.
1:39 of 2nd period - Marc-Édouard Vlasic is hit by Sheldon Keefe and loses puck.
2:12 of 2nd period - Minor Penalty to Kris Versteeg for Hooking.
2:13 of 2nd period - Evgeni Malkin wins face-off versus Henrik Zetterberg in Blackhawks zone.
4:12 of 2nd period - Penalty to Kris Versteeg is over, Kris Versteeg is back on ice.
4:38 of 2nd period - Minor Penalty to John Carlson for Slashing.
4:39 of 2nd period - Henrik Zetterberg wins face-off versus Evgeni Malkin in Blackhawks zone.
6:37 of 2nd period - Jeff Schultz is hit by Tobias Enstrom and loses puck.
6:38 of 2nd period - Penalty to John Carlson is over, John Carlson is back on ice.
7:00 of 2nd period - Slapshot by Brent Burns.
7:00 of 2nd period - Stopped by Marc-André Fleury without a rebound.
7:01 of 2nd period - Viktor Kozlov wins face-off versus Rob Schremp in Maple Leafs zone.
7:04 of 2nd period - Slapshot by Steve Bernier.
7:04 of 2nd period - Stopped by Marc-André Fleury without a rebound.
7:05 of 2nd period - Rob Schremp wins face-off versus Viktor Kozlov in Maple Leafs zone.
7:05 of 2nd period - Rob Schremp is hit by Steve Bernier.
7:27 of 2nd period - Blake Comeau is hit by John Carlson and loses puck.
7:44 of 2nd period - Off-side.
7:45 of 2nd period - Robert Nilsson wins face-off versus Evgeni Malkin in neutral zone.
7:49 of 2nd period - Minor Penalty to Alexander Frolov for Interference.
7:50 of 2nd period - Robert Nilsson wins face-off versus Claude Giroux in Maple Leafs zone.
7:54 of 2nd period - Slapshot by Jeff Schultz.
7:54 of 2nd period - Stopped by Marc-André Fleury without a rebound.
7:55 of 2nd period - Robert Nilsson wins face-off versus Claude Giroux in Maple Leafs zone.
8:10 of 2nd period - Off-side.
8:11 of 2nd period - Claude Giroux wins face-off versus Robert Nilsson in neutral zone.
8:19 of 2nd period - Wrist shot by Evgeni Malkin.
8:19 of 2nd period - Stopped by Tyler Weiman without a rebound.
8:20 of 2nd period - Robert Nilsson wins face-off versus Claude Giroux in Blackhawks zone.
8:20 of 2nd period - Robert Nilsson is hit by Evgeni Malkin.
8:36 of 2nd period - Slapshot by Evgeni Malkin.
8:36 of 2nd period - Shot Blocked by Henrik Zetterberg.
8:38 of 2nd period - Wrist shot by Evgeni Malkin.
8:38 of 2nd period - Shot Blocked by Brent Burns.
8:40 of 2nd period - Slapshot by Evgeni Malkin.
8:40 of 2nd period - Stopped by Tyler Weiman with a rebound.
8:42 of 2nd period - Slapshot by Tobias Enstrom.
8:42 of 2nd period - Stopped by Tyler Weiman without a rebound.
8:43 of 2nd period - Pierre-Marc Bouchard wins face-off versus Claude Giroux in Blackhawks zone.
9:49 of 2nd period - Penalty to Alexander Frolov is over, Alexander Frolov is back on ice.
9:55 of 2nd period - Jamie Langenbrunner is hit by Justin Abdelkader and loses puck.
10:19 of 2nd period - Minor Penalty to Daniel Carcillo for High sticking.
10:20 of 2nd period - Brendan Morrison wins face-off versus Henrik Zetterberg in Blackhawks zone.
12:00 of 2nd period - Fabian Brunnstrom is hit by Chris Higgins and loses puck.
12:19 of 2nd period - Penalty to Daniel Carcillo is over, Daniel Carcillo is back on ice.
12:34 of 2nd period - Double Minor Penalty to Jamie McBain for High sticking.
12:35 of 2nd period - Claude Giroux wins face-off versus Pierre-Marc Bouchard in Maple Leafs zone.
13:07 of 2nd period - Off-side.
13:08 of 2nd period - Alexander Frolov wins face-off versus Robert Nilsson in neutral zone.
13:17 of 2nd period - Slapshot by Byron Bitz.
13:17 of 2nd period - Shot Misses the Net.
13:19 of 2nd period - Wrist shot by Alexander Frolov.
13:19 of 2nd period - Stopped by Tyler Weiman with a rebound.
15:15 of 2nd period - Fabian Brunnstrom is hit by Sheldon Keefe and loses puck.
15:30 of 2nd period - Evgeni Malkin is hit by Sheldon Keefe.
15:44 of 2nd period - Minor Penalty to Matt Pettinger for Hooking.
15:45 of 2nd period - Claude Giroux wins face-off versus Pierre-Marc Bouchard in Maple Leafs zone.
16:34 of 2nd period - Penalty to Jamie McBain is over, Jamie McBain is back on ice.
17:24 of 2nd period - Marc-Édouard Vlasic is hit by Brent Burns and loses puck.
17:44 of 2nd period - Penalty to Matt Pettinger is over, Matt Pettinger is back on ice.
17:51 of 2nd period - Snap shot by Matt Pettinger.
17:51 of 2nd period - Stopped by Tyler Weiman without a rebound.
17:52 of 2nd period - Jordan Staal wins face-off versus Dominic Moore in Blackhawks zone.
18:03 of 2nd period - Wrist shot by Jordan Staal.
18:03 of 2nd period - Shot Misses the Net.
18:20 of 2nd period - Snap shot by Brendan Morrison.
18:20 of 2nd period - Shot Blocked by John Carlson.
18:49 of 2nd period - Minor Penalty to Chris Campoli for Elbowing.
18:50 of 2nd period - Henrik Zetterberg wins face-off versus Alexander Frolov in Blackhawks zone.
Goals for this period are 0 for Maple Leafs vs 0 for Blackhawks.
Shots for this period are 6 for Maple Leafs vs 5 for Blackhawks.
3rd period
0:01 of 3rd period - Evgeni Malkin wins face-off versus Robert Nilsson in neutral zone.
0:49 of 3rd period - Penalty to Chris Campoli is over, Chris Campoli is back on ice.
0:59 of 3rd period - Henrik Zetterberg is hit by Colby Armstrong and loses puck.
1:20 of 3rd period - Snap shot by Chris Campoli.
1:20 of 3rd period - Goal by Chris Campoli - Maple Leafs : 2 - Blackhawks : 3.
1:21 of 3rd period - Pierre-Marc Bouchard wins face-off versus Evgeni Malkin in neutral zone.
1:30 of 3rd period - Snap shot by Jamie Langenbrunner.
1:30 of 3rd period - Deflect By Braydon Coburn.
1:30 of 3rd period - Stopped by Marc-André Fleury with a rebound.
1:32 of 3rd period - Wrist shot by Jamie Langenbrunner.
1:32 of 3rd period - Shot Misses the Net.
1:34 of 3rd period - Snap shot by Chris Higgins.
1:34 of 3rd period - Stopped by Marc-André Fleury with a rebound.
1:36 of 3rd period - Snap shot by Jamie Langenbrunner.
1:36 of 3rd period - Stopped by Marc-André Fleury without a rebound.
1:37 of 3rd period - Daniel Carcillo wins face-off versus Brendan Morrison in Maple Leafs zone.
1:38 of 3rd period - Wrist shot by Sheldon Keefe.
1:38 of 3rd period - Shot Misses the Net.
1:48 of 3rd period - Snap shot by Byron Bitz.
1:48 of 3rd period - Stopped by Tyler Weiman without a rebound.
1:49 of 3rd period - Robert Nilsson wins face-off versus Evgeni Malkin in Blackhawks zone.
1:51 of 3rd period - Minor Penalty to Henrik Zetterberg for Boarding.
1:52 of 3rd period - Sheldon Keefe wins face-off versus Evgeni Malkin in Blackhawks zone.
1:52 of 3rd period - Sheldon Keefe is hit by Tobias Enstrom.
2:22 of 3rd period - Icing by Brendan Morrison.
2:23 of 3rd period - Dominic Moore wins face-off versus Fabian Brunnstrom in Maple Leafs zone.
3:42 of 3rd period - Alexander Frolov is hit by Jeff Schultz and loses puck.
3:49 of 3rd period - Jeff Schultz is hit by Claude Giroux and loses puck.
3:51 of 3rd period - Penalty to Henrik Zetterberg is over, Henrik Zetterberg is back on ice.
4:00 of 3rd period - Kris Versteeg is hit by Marc-Édouard Vlasic and loses puck.
4:05 of 3rd period - Wrist shot by Rob Schremp.
4:05 of 3rd period - Stopped by Tyler Weiman without a rebound.
4:06 of 3rd period - Dominic Moore wins face-off versus Rob Schremp in Blackhawks zone.
4:17 of 3rd period - Wrist shot by Rob Schremp.
4:17 of 3rd period - Shot Misses the Net.
4:19 of 3rd period - Slapshot by Jamie McBain.
4:19 of 3rd period - Stopped by Tyler Weiman with a rebound.
4:21 of 3rd period - Slapshot by Justin Schultz.
4:21 of 3rd period - Stopped by Tyler Weiman with a rebound.
4:23 of 3rd period - Slapshot by Jamie McBain.
4:23 of 3rd period - Shot Misses the Net.
4:25 of 3rd period - Wrist shot by Justin Abdelkader.
4:25 of 3rd period - Shot Misses the Net.
4:27 of 3rd period - Slapshot by Justin Schultz.
4:27 of 3rd period - Shot Hit the Post.
4:29 of 3rd period - Snap shot by Justin Schultz.
4:29 of 3rd period - Shot Misses the Net.
4:31 of 3rd period - Snap shot by Jamie McBain.
4:31 of 3rd period - Shot Blocked by Andy Rogers.
4:37 of 3rd period - Wrist shot by Rob Schremp.
4:37 of 3rd period - Shot Blocked by Chris Campoli.
4:53 of 3rd period - Justin Abdelkader is hit by Chris Campoli and loses puck.
5:08 of 3rd period - Blake Comeau is hit by Daniel Carcillo.
5:42 of 3rd period - Slapshot by Daniel Carcillo.
5:42 of 3rd period - Deflect By Sheldon Keefe.
5:42 of 3rd period - Stopped by Marc-André Fleury with a rebound.
5:55 of 3rd period - Wrist shot by Rob Schremp.
5:55 of 3rd period - Shot Misses the Net.
5:57 of 3rd period - Snap shot by Rob Schremp.
5:57 of 3rd period - Shot Blocked by Dominic Moore.
5:59 of 3rd period - Slapshot by Justin Schultz.
5:59 of 3rd period - Stopped by Tyler Weiman without a rebound.
6:00 of 3rd period - Kris Versteeg wins face-off versus Evgeni Malkin in Blackhawks zone.
6:00 of 3rd period - Kris Versteeg is hit by Braydon Coburn.
6:22 of 3rd period - Minor Penalty to Claude Giroux for Slashing.
6:23 of 3rd period - Robert Nilsson wins face-off versus Matt Pettinger in Maple Leafs zone.
6:50 of 3rd period - Evgeni Malkin is hit by Chris Higgins and loses puck.
7:39 of 3rd period - Taylor Chorney is hit by Brent Burns and loses puck.
8:22 of 3rd period - Penalty to Claude Giroux is over, Claude Giroux is back on ice.
8:24 of 3rd period - Slapshot by Tobias Enstrom.
8:24 of 3rd period - Shot Misses the Net.
8:26 of 3rd period - Backhand shot by Braydon Coburn.
8:26 of 3rd period - Shot Blocked by Steve Bernier.
8:30 of 3rd period - Slapshot by Claude Giroux.
8:30 of 3rd period - Stopped by Tyler Weiman with a rebound.
8:46 of 3rd period - Snap shot by Claude Giroux.
8:46 of 3rd period - Shot Misses the Net.
8:48 of 3rd period - Wrist shot by Claude Giroux.
8:48 of 3rd period - Stopped by Tyler Weiman with a rebound.
9:18 of 3rd period - Tobias Enstrom is hit by Andy Rogers and loses puck.
9:33 of 3rd period - Wrist shot by Steve Bernier.
9:33 of 3rd period - Stopped by Marc-André Fleury with a rebound.
10:03 of 3rd period - Snap shot by Claude Giroux.
10:03 of 3rd period - Goal by Claude Giroux - Maple Leafs : 3 - Blackhawks : 3.
10:04 of 3rd period - Robert Nilsson wins face-off versus Brendan Morrison in neutral zone.
10:13 of 3rd period - Slapshot by Henrik Zetterberg.
10:13 of 3rd period - Shot Misses the Net.
10:21 of 3rd period - Slapshot by Henrik Zetterberg.
10:21 of 3rd period - Shot Blocked by Fabian Brunnstrom.
10:38 of 3rd period - Wrist shot by Pierre-Marc Bouchard.
10:38 of 3rd period - Stopped by Marc-André Fleury without a rebound.
10:39 of 3rd period - Robert Nilsson wins face-off versus Blake Comeau in Maple Leafs zone.
10:42 of 3rd period - Wrist shot by Robert Nilsson.
10:42 of 3rd period - Shot Misses the Net.
10:44 of 3rd period - Slapshot by John Carlson.
10:44 of 3rd period - Stopped by Marc-André Fleury with a rebound.
12:33 of 3rd period - Byron Bitz is hit by Viktor Kozlov and loses puck.
13:08 of 3rd period - Wrist shot by Tobias Enstrom.
13:08 of 3rd period - Stopped by Tyler Weiman without a rebound.
13:09 of 3rd period - Rob Schremp wins face-off versus Robert Nilsson in Blackhawks zone.
13:19 of 3rd period - Icing by Braydon Coburn.
13:20 of 3rd period - Robert Nilsson wins face-off versus Rob Schremp in Maple Leafs zone.
13:24 of 3rd period - Double Minor Penalty to Brent Burns for High sticking.
13:25 of 3rd period - Henrik Zetterberg wins face-off versus Evgeni Malkin in Blackhawks zone.
13:25 of 3rd period - John Carlson is hit by Evgeni Malkin and loses puck.
13:40 of 3rd period - Snap shot by Evgeni Malkin.
13:40 of 3rd period - Stopped by Tyler Weiman without a rebound.
13:41 of 3rd period - Evgeni Malkin wins face-off versus Henrik Zetterberg in Blackhawks zone.
14:11 of 3rd period - Slapshot by Marc-Édouard Vlasic.
14:11 of 3rd period - Shot Misses the Net.
14:13 of 3rd period - Snap shot by Byron Bitz.
14:13 of 3rd period - Shot Misses the Net.
14:15 of 3rd period - Snap shot by Taylor Chorney.
14:15 of 3rd period - Stopped by Tyler Weiman without a rebound.
14:16 of 3rd period - Evgeni Malkin wins face-off versus Robert Nilsson in Blackhawks zone.
14:17 of 3rd period - Snap shot by Claude Giroux.
14:17 of 3rd period - Goal by Claude Giroux - Maple Leafs : 4 - Blackhawks : 3.
14:18 of 3rd period - Alexander Frolov wins face-off versus Henrik Zetterberg in neutral zone.
16:14 of 3rd period - Chris Campoli is hit by Colby Armstrong and loses puck.
16:17 of 3rd period - Penalty to Brent Burns is over, Brent Burns is back on ice.
16:24 of 3rd period - Icing by Andy Rogers.
16:25 of 3rd period - Viktor Kozlov wins face-off versus Rob Schremp in Blackhawks zone.
16:30 of 3rd period - Slapshot by Justin Schultz.
16:30 of 3rd period - Shot Misses the Net.
16:32 of 3rd period - Snap shot by Rob Schremp.
16:32 of 3rd period - Shot Blocked by Viktor Kozlov.
16:34 of 3rd period - Snap shot by Blake Comeau.
16:34 of 3rd period - Deflect By Viktor Kozlov.
16:34 of 3rd period - Stopped by Tyler Weiman with a rebound.
16:36 of 3rd period - Snap shot by Blake Comeau.
16:36 of 3rd period - Stopped by Tyler Weiman without a rebound.
16:37 of 3rd period - Dominic Moore wins face-off versus Jordan Staal in Blackhawks zone.
16:48 of 3rd period - Wrist shot by Dominic Moore.
16:48 of 3rd period - Shot Misses the Net.
16:50 of 3rd period - Wrist shot by Dominic Moore.
16:50 of 3rd period - Stopped by Marc-André Fleury without a rebound.
16:51 of 3rd period - Dominic Moore wins face-off versus Jordan Staal in Maple Leafs zone.
18:16 of 3rd period - Off-side.
18:17 of 3rd period - Dominic Moore wins face-off versus Jordan Staal in neutral zone.
18:30 of 3rd period - Snap shot by Daniel Carcillo.
18:30 of 3rd period - Shot Misses the Net.
18:32 of 3rd period - Snap shot by Daniel Carcillo.
18:32 of 3rd period - Goal by Daniel Carcillo - Maple Leafs : 4 - Blackhawks : 4.
18:33 of 3rd period - Dominic Moore wins face-off versus Jordan Staal in neutral zone.
18:38 of 3rd period - Snap shot by Sheldon Keefe.
18:38 of 3rd period - Shot Blocked by Tobias Enstrom.
18:40 of 3rd period - Wrist shot by Dominic Moore.
18:40 of 3rd period - Shot Blocked by Colby Armstrong.
18:42 of 3rd period - Snap shot by Dominic Moore.
18:42 of 3rd period - Shot Blocked by Tobias Enstrom.
18:44 of 3rd period - Slapshot by Andy Rogers.
18:44 of 3rd period - Deflect By Jordan Staal.
18:44 of 3rd period - Blackhawks goal is going for a video replay.
18:44 of 3rd period - The goal is refused. The net was displaced accidentally..
18:45 of 3rd period - Dominic Moore wins face-off versus Jordan Staal in Maple Leafs zone.
19:12 of 3rd period - Alexander Frolov is hit by Brent Burns and loses puck.
Goals for this period are 2 for Maple Leafs vs 2 for Blackhawks.
Shots for this period are 14 for Maple Leafs vs 11 for Blackhawks.
Overtime #1
0:01 of 1st overtime period - Evgeni Malkin wins face-off versus Robert Nilsson in neutral zone.
0:20 of 1st overtime period - Brent Burns is hit by Evgeni Malkin and loses puck.
0:31 of 1st overtime period - Brent Burns is hit by Byron Bitz and loses puck.
0:51 of 1st overtime period - Marc-Édouard Vlasic is hit by Daniel Carcillo.
1:21 of 1st overtime period - Snap shot by Justin Abdelkader.
1:21 of 1st overtime period - Shot Misses the Net.
1:37 of 1st overtime period - Snap shot by Henrik Zetterberg.
1:37 of 1st overtime period - Deflect By Robert Nilsson.
1:37 of 1st overtime period - Shot Misses the Net.
1:37 of 1st overtime period - Puck is out of play.
1:38 of 1st overtime period - Robert Nilsson wins face-off versus Evgeni Malkin in Maple Leafs zone.
1:43 of 1st overtime period - Snap shot by Robert Nilsson.
1:43 of 1st overtime period - Shot Blocked by Braydon Coburn.
1:45 of 1st overtime period - Slapshot by Wes O'Neill.
1:45 of 1st overtime period - Shot Blocked by Claude Giroux.
1:47 of 1st overtime period - Slapshot by John Carlson.
1:47 of 1st overtime period - Deflect By Kris Versteeg.
1:47 of 1st overtime period - Shot Misses the Net.
1:47 of 1st overtime period - Puck is out of play.
1:48 of 1st overtime period - Robert Nilsson wins face-off versus Evgeni Malkin in Maple Leafs zone.
1:51 of 1st overtime period - Snap shot by Henrik Zetterberg.
1:51 of 1st overtime period - Stopped by Marc-André Fleury without a rebound.
1:52 of 1st overtime period - Robert Nilsson wins face-off versus Evgeni Malkin in Maple Leafs zone.
2:42 of 1st overtime period - Icing by Chris Campoli.
2:43 of 1st overtime period - Jordan Staal wins face-off versus Dominic Moore in Blackhawks zone.
2:46 of 1st overtime period - Wrist shot by Matt Pettinger.
2:46 of 1st overtime period - Stopped by Tyler Weiman without a rebound.
2:47 of 1st overtime period - Robert Nilsson wins face-off versus Evgeni Malkin in Blackhawks zone.
3:02 of 1st overtime period - Slapshot by Jeff Schultz.
3:02 of 1st overtime period - Stopped by Marc-André Fleury with a rebound.
3:30 of 1st overtime period - Snap shot by Henrik Zetterberg.
3:30 of 1st overtime period - Stopped by Marc-André Fleury without a rebound.
3:31 of 1st overtime period - Pierre-Marc Bouchard wins face-off versus Evgeni Malkin in Maple Leafs zone.
3:32 of 1st overtime period - Wrist shot by Jamie Langenbrunner.
3:32 of 1st overtime period - Stopped by Marc-André Fleury with a rebound.
4:09 of 1st overtime period - Wrist shot by Sheldon Keefe.
4:09 of 1st overtime period - Stopped by Marc-André Fleury with a rebound.
4:18 of 1st overtime period - Off-side.
4:19 of 1st overtime period - Viktor Kozlov wins face-off versus Jordan Staal in neutral zone.
4:19 of 1st overtime period - Steve Bernier is hit by Matt Pettinger and loses puck.
5:31 of 1st overtime period - Slapshot by Dominic Moore.
5:31 of 1st overtime period - Shot Misses the Net.
5:33 of 1st overtime period - Wrist shot by Daniel Carcillo.
5:33 of 1st overtime period - Stopped by Marc-André Fleury without a rebound.
5:34 of 1st overtime period - Evgeni Malkin wins face-off versus Robert Nilsson in Maple Leafs zone.
6:08 of 1st overtime period - Wrist shot by Jordan Staal.
6:08 of 1st overtime period - Shot Misses the Net.
6:10 of 1st overtime period - Wrist shot by Colby Armstrong.
6:10 of 1st overtime period - Shot Misses the Net.
6:12 of 1st overtime period - Slapshot by Matt Pettinger.
6:12 of 1st overtime period - Shot Blocked by Robert Nilsson.
6:14 of 1st overtime period - Snap shot by Taylor Chorney.
6:14 of 1st overtime period - Stopped by Tyler Weiman without a rebound.
6:15 of 1st overtime period - Evgeni Malkin wins face-off versus Pierre-Marc Bouchard in Blackhawks zone.
6:26 of 1st overtime period - Snap shot by Chris Higgins.
6:26 of 1st overtime period - Stopped by Marc-André Fleury with a rebound.
6:28 of 1st overtime period - Slapshot by Jeff Schultz.
6:28 of 1st overtime period - Shot Misses the Net.
7:25 of 1st overtime period - Snap shot by Rob Schremp.
7:25 of 1st overtime period - Shot Misses the Net.
7:27 of 1st overtime period - Slapshot by Justin Schultz.
7:27 of 1st overtime period - Stopped by Tyler Weiman without a rebound.
7:28 of 1st overtime period - Evgeni Malkin wins face-off versus Pierre-Marc Bouchard in Blackhawks zone.
7:35 of 1st overtime period - Slapshot by Claude Giroux.
7:35 of 1st overtime period - Shot Blocked by John Carlson.
7:41 of 1st overtime period - Wrist shot by Wes O'Neill.
7:41 of 1st overtime period - Deflect By Chris Higgins.
7:41 of 1st overtime period - Shot Misses the Net.
7:41 of 1st overtime period - Puck is out of play.
7:42 of 1st overtime period - Evgeni Malkin wins face-off versus Robert Nilsson in Maple Leafs zone.
7:42 of 1st overtime period - Evgeni Malkin is hit by Jeff Schultz.
7:57 of 1st overtime period - Slapshot by Brent Burns.
7:57 of 1st overtime period - Deflect By Henrik Zetterberg.
7:57 of 1st overtime period - Stopped by Marc-André Fleury with a rebound.
7:59 of 1st overtime period - Wrist shot by Robert Nilsson.
7:59 of 1st overtime period - Shot Misses the Net.
8:33 of 1st overtime period - Wrist shot by Colby Armstrong.
8:33 of 1st overtime period - Shot Misses the Net.
9:14 of 1st overtime period - Slapshot by Tobias Enstrom.
9:14 of 1st overtime period - Shot Blocked by Jeff Schultz.
9:16 of 1st overtime period - Wrist shot by Braydon Coburn.
9:16 of 1st overtime period - Deflect By Justin Abdelkader.
9:16 of 1st overtime period - Goal by Justin Abdelkader - Maple Leafs : 5 - Blackhawks : 4.
Goals for this period are 1 for Maple Leafs vs 0 for Blackhawks.
Shots for this period are 4 for Maple Leafs vs 8 for Blackhawks.
Back to the Top